 Dungeon Crawl Stone Soup version 0.27-b1-23-g44b8eac545 (webtiles) character file.

Game seed: 12632963863551729213

31 pikapanic the Skirmisher (level 3, -1/32 HPs)
             Began as a Palentonga Abyssal Knight on July 27, 2021.
             Was a Follower of Lugonu.
             Splashed by a jelly's acid (4 damage)
             ... on level 2 of the Dungeon.
             The game lasted 00:05:41 (1512 turns).

pikapanic the Skirmisher (PaAK)                     Turns: 1512, Time: 00:05:41

Health: -1/32      AC: -1    Str: 16    XL:     3   Next: 7%
Magic:  4/4        EV:  8    Int: 12    God:    Lugonu [*.....]
Gold:   65         SH:  0    Dex:  9    Spells: 2/2 levels left

rFire    . . .     SeeInvis +   a - +1 mace
rCold    . . .     Faith    .   (no shield)
rNeg     . . .     Spirit   .   e - +0 ring mail
rPois    .         Reflect  .   (no helmet)
rElec    .         Harm     .   d - +0 cloak
rCorr    .         Rampage  .   (no gloves)
Will     .....                  (no barding)
Stlth    ..........             (no amulet)
HPRegen  0.10/turn              (no ring)
MPRegen  0.09/turn              (no ring)

@: corroded
A: large, rugged brown scales 3, see invisible, deformed body, roll 1, armoured
tail
a: Rolling Charge, Renounce Religion, Depart the Abyss


You were on level 2 of the Dungeon.
You worshipped Lugonu.
Lugonu was aware of your devotion.
You visited 1 branch of the dungeon, and saw 2 of its levels.
You visited the Abyss 1 time.

You collected 65 gold pieces.

Inventory:

Hand Weapons
 a - a +1 mace (weapon)
Missiles
 h - 2 atropa-tipped darts
Armour
 b - a +0 leather armour
 c - a +0 leather armour
 d - a +0 cloak (worn)
 e - a +0 ring mail (worn)
Magical Staves
 g - a staff of air
Potions
 f - 2 potions of might {unknown}
 i - a potion of cancellation {unknown}


   Skills:
 + Level 4.1 Fighting
 + Level 2.2 Maces & Flails
 - Level 1.5 Armour
 - Level 0.7 Dodging
 - Level 2.0 Invocations


You had 2 spell levels left.
You didn't know any spells.
Your spell library contained the following spells:

 Spells                   Type           Power      Damage    Failure   Level
 Beastly Appendage        Tmut           0%         N/A       52%         1
 Wereblood                Tmut           0%         N/A       67%         2
 Spider Form              Tmut/Pois      0%         N/A       88%         3


Dungeon Overview and Level Annotations

Branches:
Dungeon (2/15)

Altars:

Shops:
D:1 :   D:2 =


Innate Abilities, Weirdness & Mutations

You are completely covered in rugged brown scales. (AC +3, +7% HP)
You have supernaturally acute eyesight. (SInv)
Armour fits poorly on your strangely shaped body.
You can roll at nearby foes to attack.
You have a long armoured tail.


Message History

The ball python bites you.
You barely miss the ball python. The ball python closely misses you.
The ball python bites you but does no damage.
You barely miss the ball python. The ball python closely misses you.
You hit the ball python.
The ball python is heavily wounded.
The ball python bites you. x2
You hit the ball python but do no damage.
The ball python is heavily wounded.
The ball python barely misses you.
You closely miss the ball python.
The ball python is heavily wounded.
The ball python bites you. The ball python closely misses you.
You barely miss the ball python.
The ball python is heavily wounded.
The ball python bites you but does no damage.
You barely miss the ball python.
Your tail-slap misses the ball python.
The ball python is heavily wounded.
The ball python closely misses you. The ball python bites you.
You completely miss the ball python.
The ball python is heavily wounded.
The ball python bites you but does no damage.
The jelly jiggles.
You barely miss the ball python.
The ball python is heavily wounded.
The ball python bites you but does no damage.
The ball python completely misses you.
You sock the ball python!
You kill the ball python!
Lugonu accepts your kill.
You sock the goblin!
You kill the goblin!
Lugonu accepts your kill. The jelly hits you but does no damage.
You sock the jelly! The acid corrodes you!
Your hands burn!
The jelly is severely wounded.
The jelly hits you. The acid corrodes you!
You are splashed with acid!
* * * LOW HITPOINT WARNING * * *
You hit the jelly.
Your hands burn!
You die...

... ... #. #.# #..
#.# #### #.. #)#
...# #... #.# ...##
##...###.###....###
##
#.......>rJ@.......
.
.....#...###.......
###..#...# ###....
. #.....# ### ###
#.# #.#....#### #.#
#$#. #.......# #.#
[⌠$# #.......# #.#
#$#g##$......# #.#
#.#.#.......# #.#


You could see a jelly and a rat.

Vanquished Creatures
  A worm (D:2)
  4 ball pythons
  2 bats
  2 endoplasms (D:1)
  A giant cockroach (D:1)
  A goblin (D:2)
  2 hobgoblins (D:1)
  6 jackals
  A quokka (D:1)
  A frilled lizard (D:2)
  A kobold (D:1)
  2 rats
24 creatures vanquished.

Notes
Turn   | Place    | Note
-------+----------+-------------------------------------------
     0 | Abyss:1  | pikapanic the Palentonga Abyssal Knight began the quest for
                  | the Orb.
     0 | Abyss:1  | Reached XP level 1. HP: 19/19 MP: 2/2
     2 | D:1      | Escaped the Abyss
   541 | D:1      | Reached XP level 2. HP: 19/25 MP: 3/3
   608 | D:1      | Found Astiy's Book Emporium.
   611 | D:1      | Reached * piety under Lugonu
   686 | D:1      | Found a faded altar of an unknown god.
  1235 | D:2      | Reached skill level 4 in Fighting
  1251 | D:2      | Reached XP level 3. HP: 32/32 MP: 4/4
  1410 | D:2      | Found Wegro's Jewellery Boutique.
  1512 | D:2      | Splashed by a jelly's acid

Illustrated notes

Levels and vault maps discovered:
D:1:      shiori_arrival_maze, layout_loops_cross, serial_shops,
          nicolae_diamond_shop, basic_ecumenical_altar
D:2:      layout_basic, serial_shops, nicolae_diamond_shop,
          serial_co_window_serial, co_window_paths_a, co_window_corner_a,
          co_window_paths_b, co_window_paths_a, co_window_paths_a,
          co_window_broadway_b, co_window_of_opportunity_b, co_window_2corner,
          co_window_broadway_c, co_window_broadway_c, co_window_paths_e,
          glass_columns_c, glass_columns_c, minmay_circle_x

Skill      XL: |  1  2 |
---------------+-------+-----
Fighting       | 4 |  4.1
Maces & Flails | |  2.2
Armour         | |  1.5
Dodging        | |  0.7
Invocations    | |  2.0

Action                   || total
-------------------------++-------
Melee: Mace              ||    85
       Tailslap          ||     3
Invok: Depart the Abyss  ||     1
 Abil: Rolling Charge    ||    10
  Use: Scroll            ||     2
Armor: Leather armour    ||    17
       Ring mail         ||    40
Dodge: Dodged            ||    61
